 Dungeon Sprint DCSS version 0.21-a0-227-g58a7c62 (webtiles) character file.

37567 Kidiri the Eclecticist (level 12, -11/75 HPs)
             Began as a Deep Elf Fire Elementalist on Aug 30, 2017.
             Was the Champion of Vehumet.
             Mangled by a dire elephant (35 damage)
             ... in the Dungeon (Sprint III: "The Ten Rune Challenge").
             The game lasted 00:26:37 (4527 turns).

Kidiri the Eclecticist (Deep Elf Fire Elementalist) Turns: 4527, Time: 00:26:38

Health: -11/75     AC:  7    Str:  5    XL:     12   Next: 81%
Magic:  0/37       EV: 19    Int: 30    God:    Vehumet [******]
Gold:   61         SH:  0    Dex: 15    Spells: 5/50 levels left

rFire    + . .     SeeInvis .   e - +4 dagger (drain)
rCold    . . .     Gourm    .   (no shield)
rNeg     . . .     Faith    .   d - +3 leather armour {rF+}
rPois    .         Spirit   .   (no helmet)
rElec    .         Reflect  .   (no cloak)
rCorr    .         Harm     .   (no gloves)
MR       +....     NoTele   +   (no boots)
Stlth    ++........             (no amulet)
HPRegen  0.22/turn              (no ring)
MPRegen  0.25/turn              (no ring)

@: no status effects
A: clever 2, sense surroundings 1
}: 1/10 runes: serpentine
a: Renounce Religion


You were in the Dungeon.
You worshipped Vehumet.
Vehumet was exalted by your worship.
You were not hungry.

You visited 1 branch You collected 61 gold pieces.

Inventory:

Hand Weapons
 e - a +4 dagger of draining (weapon)
Armour
 d - a +3 leather armour of fire resistance (worn)
Scrolls
 k - 2 scrolls of holy word {unknown}
 m - a scroll of enchant weapon
 q - a scroll of remove curse {unknown}
Potions
 f - a potion of haste
 g - a potion of magic
 h - 2 potions of berserk rage
 o - 3 potions of flight
 r - 3 potions of mutation
Comestibles
 c - 2 bread rations
 j - 17 royal jellies
 n - a meat ration


   Skills:
 + Level 8.7 Fighting
 + Level 10.2 Short Blades
 + Level 8.9 Armour
 + Level 12.5 Dodging
 - Level 2.4 Stealth
 * Level 19.9 Spellcasting
 + Level 12.7 Conjurations
 + Level 13.0 Fire Magic
 + Level 7.9 Ice Magic
 + Level 9.3 Air Magic
 + Level 10.3 Poison Magic


You had 5 spell levels left.
You knew the following spells:

 Your Spells              Type           Power        Failure   Level  Hunger
a - Flame Tongue          Conj/Fire      #####        0%          1    None
b - Throw Flame           Conj/Fire      ######       0%          2    None
c - Conjure Flame         Conj/Fire      #######.     1%          3    None
d - Inner Flame           Hex/Fire       ######..     1%          3    None
e - Sticky Flame          Conj/Fire      #######.     1%          4    None
f - Fireball              Conj/Fire      #######...   1%          5    None
g - Bolt of Fire          Conj/Fire      #######...   1%          6    None
h - Bolt of Cold          Conj/Ice       #######...   1%          6    None
i - Freezing Cloud        Conj/Ice/Air   ######....   1%          6    None
j - Shock                 Conj/Air       ####         0%          1    None
k - Sting                 Conj/Pois      ####         0%          1    None
l - Mephitic Cloud        Conj/Pois/Air  #######.     1%          3    None
m - Olgreb's Toxic Radia  Pois           #######.     1%          4    None


Dungeon Overview and Level Annotations

Branches:
Dungeon (1/1)

Altars:
Cheibriados
Dithmenos
Elyvilon
Fedhas
Gozag
Hepliaklqana
Kikubaaqudgha
Makhleb
Nemelex Xobeh
Okawaru
Qazlal
Ru
Sif Muna
Trog
Uskayaw
Vehumet
Wu Jian
Xom
Yredelemnul
Zin
The Shining One
Beogh
Jiyva
Lugonu

Shops:
D %:[

Annotations:
D exclusion: 5 doors


Innate Abilities, Weirdness & Mutations

Your mind is very acute. (Int +4)
You passively map a small area around you.


Message History

The bolt of cold hits the dire elephant.
The dire elephant is severely wounded.
The dire elephant completely misses you.
The dire elephant misses you.
Unknown command.
Casting: Bolt of Cold
Confirm with . or Enter, or press ? or * to list all spells.
Okay, then.
The dire elephant looks more healthy.
You open the door. The dire elephant misses you. x2
There is an open door, spattered with blood here.
Casting: Bolt of Cold
Confirm with . or Enter, or press ? or * to list all spells.
Aiming: Bolt of Cold
Press: ? - help, Shift-Dir - straight line, f/p - dire elephant
Aim: a dire elephant (severely wounded)
The bolt of cold hits the dire elephant.
The dire elephant is almost dead.
The dire elephant tramples you!!
You die...

▓...+≈≈§≈§≈≈≈≈♣♣.....♣...≈≈≈..
▓..P#≈≈≈§§§≈≈≈♣♣.≈≈≈≈'..'.≈≈≈≈
▓Y.P#≈≈≈§§§≈≈≈≈'.....#.≈...♣♣♣
▓..†#≈≈≈≈§§≈≈≈♣♣♣♣♣♣♣#...♣.♣♣
*..[#≈≈≈§≈≈≈≈≈♣ ###+♣♣.♣♣
▓##'####'#######♣ ♣♣♣♣.##..#
▓..†............♣♣ ♣...##.##.
▓#+#############'♣ ♣♣.##.##.#
*.JJ#≈.......@Y..♣ ♣..#.##.)
▓..J+≈≈...########♣♣ ♣♣.##.##.
▓...#≈≈≈...........♣ ♣♣.##.###
▓...#≈≈≈≈..........♣ ♣.....#*,
#+#############+############*+
**,****** #...........##*,
**,*,,,*** #............#*≈
**,,,,,,,** ###########..#*≈
**,,,,,,,,,** ##...........#*≈


You could see a dire elephant.

Vanquished Creatures
  Rupert (D)
  Gastronok (D)
  A nagaraja (D)
  A dire elephant (D)
  Josephine (D)
  A naga warrior (D)
  4 anacondas (D)
  A centaur warrior (D)
  4 death yaks (D)
  Urug (D)
  An unseen horror (D)
  A lindwurm (D)
  A deep elf mage (D)
  An elephant (D)
  A guardian serpent (D)
  6 black mambas (D)
  2 spiny frogs (D)
  A rime drake (D)
  A komodo dragon (D)
  A queen bee (D)
  2 tyrant leeches (D)
  8 blink frogs (D)
  3 redbacks (D)
  A shadow (D)
  3 wandering mushrooms (D)
  A spatial vortex (D)
  2 water moccasins (D)
  2 nagas (D)
  A swamp drake (D)
  A necrophage (D)
  2 centaurs (D)
  A water elemental (D)
  32 killer bees (D)
  A jelly (D)
  A wizard (D)
  Jessica (D)
  A necromancer (D)
  3 humans (D)
  A kobold demonologist (D)
  A wolf (D)
  3 adders (D)
  An ooze (D)
  2 rats (D)
  A ballistomycete (D)
  2 plants (D)
109 creatures vanquished.

Vanquished Creatures (others)
  2 draconian scorchers (D)
  2 hydras (D)
  6 hellions (D)
  2 yaktaurs (D)
  An electric eel (D)
  A ballistomycete spore (D)
  8 plants (D)
22 creatures vanquished.

Grand Total: 131 creatures vanquished

Notes
Turn   | Place    | Note
-------+----------+-------------------------------------------
     0 | D        | Kidiri the Deep Elf Fire Elementalist began the quest for the Orb.
     0 | D        | Reached XP level 1. HP: 10/10 MP: 6/6
     8 | D        | Reached skill level 4 in Spellcasting
    64 | D        | Killed a yaktaur
   108 | D        | Killed a white draconian scorcher
   169 | D        | Noticed Jessica
   171 | D        | Killed Jessica
   171 | D        | Reached skill level 6 in Spellcasting
   171 | D        | Reached XP level 2. HP: 7/15 MP: 6/11
   171 | D        | Reached XP level 3. HP: 9/19 MP: 6/12
   175 | D        | Killed a hellion
   176 | D        | Learned a level 2 spell: Throw Flame
   180 | D        | Learned a level 3 spell: Conjure Flame
   184 | D        | Learned a level 3 spell: Inner Flame
   185 | D        | Killed a hellion
   185 | D        | Killed a hellion
   193 | D        | Killed a yaktaur
   197 | D        | Killed a hellion
   238 | D        | Killed a white draconian scorcher
   272 | D        | Killed a hellion
   331 | D        | Reached skill level 7 in Spellcasting
   331 | D        | Reached skill level 5 in Fire Magic
   356 | D        | Gained mutation: Your system is resistant to poisons. (rPois) [potion of mutation]
   356 | D        | Gained mutation: You are resistant to hostile enchantments. (MR+) [potion of mutation]
   356 | D        | Gained mutation: You are robust. (+10% HP) [potion of mutation]
   357 | D        | Lost mutation: Your system is resistant to poisons. (rPois) [potion of mutation]
   357 | D        | Lost mutation: You are robust. (+10% HP) [potion of mutation]
   357 | D        | Gained mutation: You have sharp toenails. [potion of mutation]
   357 | D        | Gained mutation: You are robust. (+10% HP) [potion of mutation]
   358 | D        | Lost mutation: You have sharp toenails. [potion of mutation]
   358 | D        | Lost mutation: You are robust. (+10% HP) [potion of mutation]
   358 | D        | Lost mutation: You are resistant to hostile enchantments. (MR+) [potion of mutation]
   358 | D        | Gained mutation: Your mind is acute. (Int +2) [potion of mutation]
   358 | D        | Gained mutation: Your mind is very acute. (Int +4) [potion of mutation]
   358 | D        | Gained mutation: You passively map a small area around you. [potion of mutation]
   413 | D        | Killed a hellion
   491 | D        | Noticed a water elemental
   493 | D        | Killed a water elemental
   493 | D        | Reached skill level 9 in Spellcasting
   493 | D        | Reached skill level 5 in Conjurations
   493 | D        | Reached XP level 4. HP: 24/24 MP: 10/17
   499 | D        | Learned a level 4 spell: Sticky Flame
   537 | D        | Found a radiant altar of Vehumet.
   538 | D        | Found a deep blue altar of Sif Muna.
   538 | D        | Found an ancient bone altar of Kikubaaqudgha.
   538 | D        | Noticed a wizard
   539 | D        | Killed a wizard
   539 | D        | Reached skill level 10 in Spellcasting
   539 | D        | Reached XP level 5. HP: 28/28 MP: 13/19
   554 | D        | Learned a level 5 spell: Fireball
   559 | D        | Became a worshipper of Vehumet
   613 | D        | Found a glowing silver altar of Zin.
   614 | D        | Found a glowing golden altar of the Shining One.
   614 | D        | Found a white marble altar of Elyvilon.
   614 | D        | Noticed a deep elf mage
   626 | D        | Killed a deep elf mage
   626 | D        | Reached skill level 5 in Dodging
   626 | D        | Reached skill level 12 in Spellcasting
   626 | D        | Reached XP level 6. HP: 20/36 MP: 14/23
   626 | D        | Reached XP level 7. HP: 22/40 MP: 14/24
   761 | D        | Found an ornate altar of the Wu Jian Council.
   761 | D        | Found a roughly hewn altar of Beogh.
   761 | D        | Found an iron altar of Okawaru.
   761 | D        | Found a bloodstained altar of Trog.
   761 | D        | Found a hide-covered altar of Uskayaw.
   761 | D        | Noticed a human
   764 | D        | Killed a human
   765 | D        | Killed a human
   765 | D        | Reached * piety under Vehumet
   765 | D        | Offered knowledge of Sting by Vehumet.
   765 | D        | Reached skill level 13 in Spellcasting
   853 | D        | Found a basalt altar of Yredelemnul.
   853 | D        | Found a shadowy altar of Dithmenos.
   853 | D        | Found a sacrificial altar of Ru.
   919 | D        | Noticed a shadow
   921 | D        | Reached ** piety under Vehumet
   923 | D        | Killed a shadow
   923 | D        | Reached XP level 8. HP: 47/47 MP: 16/27
   935 | D        | Learned a level 1 spell: Sting
   976 | D        | Found a blossoming altar of Fedhas.
   976 | D        | Found a stormy altar of Qazlal.
   976 | D        | Found a snail-covered altar of Cheibriados.
   976 | D        | Found a burning altar of Makhleb.
   976 | D        | Found a shimmering altar of Xom.
   977 | D        | Found a hazy altar of Hepliaklqana.
   977 | D        | Found an opulent altar of Gozag.
   977 | D        | Found a sparkling altar of Nemelex Xobeh.
   977 | D        | Found a corrupted altar of Lugonu.
   977 | D        | Found a viscous altar of Jiyva.
   994 | D        | Offered knowledge of Shock by Vehumet.
   994 | D        | Reached skill level 1 in Poison Magic
   997 | D        | Learned a level 1 spell: Shock
  1070 | D        | Noticed Josephine
  1073 | D        | Killed Josephine
  1073 | D        | Offered knowledge of Searing Ray by Vehumet.
  1073 | D        | Reached skill level 5 in Short Blades
  1073 | D        | Reached skill level 14 in Spellcasting
  1073 | D        | Reached XP level 9. HP: 49/52 MP: 9/29
  1261 | D        | Noticed a centaur warrior
  1263 | D        | Reached *** piety under Vehumet
  1266 | D        | Killed a centaur warrior
  1266 | D        | Offered knowledge of Olgreb's Toxic Radiance by Vehumet.
  1266 | D        | Reached skill level 5 in Fighting
  1266 | D        | Reached skill level 5 in Armour
  1266 | D        | Reached skill level 15 in Spellcasting
  1272 | D        | Learned a level 4 spell: Olgreb's Toxic Radiance
  1565 | D        | Noticed an unseen horror
  1570 | D        | Killed an unseen horror
  1570 | D        | Reached skill level 10 in Fire Magic
  1868 | D        | Noticed a queen bee
  1871 | D        | Reached **** piety under Vehumet
  1871 | D        | Offered knowledge of Mephitic Cloud by Vehumet.
  1872 | D        | Reached skill level 5 in Poison Magic
  1872 | D        | Reached ***** piety under Vehumet
  1873 | D        | Reached XP level 10. HP: 43/59 MP: 31/31
  1874 | D        | Reached ****** piety under Vehumet
  1876 | D        | Reached skill level 16 in Spellcasting
  1876 | D        | Reached skill level 5 in Air Magic
  1877 | D        | Reached skill level 10 in Conjurations
  2155 | D        | Learned a level 3 spell: Mephitic Cloud
  2250 | D        | Offered knowledge of Bolt of Cold by Vehumet.
  2258 | D        | Learned a level 6 spell: Bolt of Cold
  2273 | D        | Reached skill level 1 in Ice Magic
  2359 | D        | Killed a five-headed hydra
  2393 | D        | Killed a four-headed hydra
  2421 | D        | Noticed a spiny frog
  2421 | D        | Noticed a spiny frog
  2426 | D        | Killed a spiny frog
  2428 | D        | Killed a spiny frog
  2479 | D        | Noticed a lindwurm
  2484 | D        | Killed a lindwurm
  2531 | D        | Offered knowledge of Ozocubu's Refrigeration by Vehumet.
  2531 | D        | Reached skill level 17 in Spellcasting
  2742 | D        | Reached XP level 11. HP: 66/66 MP: 27/34
  2783 | D        | Noticed Urug
  2792 | D        | Killed Urug
  2792 | D        | Reached skill level 10 in Dodging
  2984 | D        | Offered knowledge of Spellforged Servitor by Vehumet.
  3032 | D        | Noticed Rupert
  3032 | D        | Paralysed by Rupert for 7 turns
  3208 | D        | Killed Rupert
  3208 | D        | Reached skill level 5 in Ice Magic
  3343 | D        | Noticed a death yak
  3344 | D        | Noticed a death yak
  3345 | D        | Noticed a death yak
  3347 | D        | Noticed a death yak
  3353 | D        | Killed a death yak
  3353 | D        | Reached skill level 18 in Spellcasting
  3359 | D        | Killed a death yak
  3628 | D        | Killed a death yak
  3630 | D        | Killed a death yak
  3630 | D        | Offered knowledge of Bolt of Fire by Vehumet.
  3643 | D        | Learned a level 6 spell: Bolt of Fire
  3741 | D        | Noticed an azure jelly
  3741 | D        | Noticed an azure jelly
  3859 | D        | Noticed an anaconda
  3859 | D        | Noticed an anaconda
  3869 | D        | Killed an anaconda
  3869 | D        | Reached XP level 12. HP: 72/73 MP: 20/36
  3953 | D        | Noticed an anaconda
  3954 | D        | Killed an anaconda
  3954 | D        | Killed an anaconda
  4130 | D        | Reached skill level 19 in Spellcasting
  4130 | D        | Offered knowledge of Freezing Cloud by Vehumet.
  4204 | D        | Learned a level 6 spell: Freezing Cloud
  4205 | D        | Noticed an anaconda
  4208 | D        | Killed an anaconda
  4261 | D        | Noticed a naga warrior
  4261 | D        | Noticed a nagaraja
  4265 | D        | Killed a naga warrior
  4267 | D        | Killed a nagaraja
  4267 | D        | Offered knowledge of Poison Arrow by Vehumet.
  4332 | D        | Found Atruro's Food Boutique.
  4332 | D        | Found Taricsic's Book Emporium.
  4334 | D        | Found Wasilill's Antique Armour Shop.
  4416 | D        | Reached skill level 10 in Short Blades
  4416 | D        | Reached skill level 10 in Poison Magic
  4424 | D        | Got a serpentine rune of Zot
  4503 | D        | Noticed an azure jelly
  4503 | D        | Noticed an azure jelly
  4504 | D        | Noticed a dire elephant
  4504 | D        | Noticed a dire elephant
  4504 | D        | Noticed Gastronok
  4508 | D        | Killed Gastronok
  4510 | D        | Killed a dire elephant
  4527 | D        | Mangled by a dire elephant

Vault maps used:
D:        dungeon_sprint_mu

Skill      XL: |  1  2  3  4  5  6  7  8  9 10 11 12 |
---------------+-------------------------------------+-----
Spellcasting   | 6 9 10 12 13 14 15 17 18 19 | 19.9
Conjurations   | 3 5 7 8 9 10 11 12 | 12.7
Fire Magic     | 4 6 7 8 9 10 11 12 13 | 13.0
Fighting       | 2 4 5 6 7 8 |  8.7
Short Blades   | 3 4 5 6 7 9 10 | 10.2
Armour         | 2 4 5 6 8 |  8.9
Dodging        | 5 6 7 8 9 11 12 | 12.5
Poison Magic   | 3 5 7 9 10 | 10.3
Air Magic      | 2 4 6 8 9 |  9.3
Ice Magic      | 3 6 7 |  7.9
Stealth        | |  2.4

Action                   |  1- 3 |  4- 6 |  7- 9 | 10-12 || total
-------------------------+-------+-------+-------+-------++-------
Melee: Dagger            |       |       |       |     8 ||     8
 Cast: Flame Tongue      |    15 |     3 |    34 |    47 ||    99
       Throw Flame       |     4 |       |     1 |     6 ||    11
       Conjure Flame     |     1 |       |     2 |     2 ||     5
       Sticky Flame      |       |     3 |     8 |    10 ||    21
       Fireball          |       |       |     9 |       ||     9
       Olgreb's Toxic Ra |       |       |     1 |    11 ||    12
       Bolt of Cold      |       |       |       |    35 ||    35
       Mephitic Cloud    |       |       |       |     5 ||     5
       Inner Flame       |       |       |       |     3 ||     3
       Bolt of Fire      |       |       |       |    17 ||    17
       Freezing Cloud    |       |       |       |     2 ||     2
  Use: Potion            |     3 |     1 |       |     3 ||     7
       Scroll            |     3 |       |       |     1 ||     4
 Stab: Sleeping          |       |       |       |     2 ||     2
  Eat: Chunk             |       |       |     2 |       ||     2
       Royal jelly       |       |       |     1 |     5 ||     6
Armor: Robe              |       |       |     1 |     2 ||     3
       Leather armour    |       |       |       |     3 ||     3
Dodge: Dodged            |     2 |     3 |     7 |    47 ||    59

Table legend:
 A = Spawn XP
 B = Non-spawn XP
 C = Spawn XP percentage of total XP
 D = Spawn monster count
 E = Non-spawn monster count
 F = Spawn count percentage of total count
 G = Total turns spent on level
                    A         B        C        D         E        F      G
               +---------+---------+-------+---------+---------+-------+---------
         Total |       0 |   35097 |   0.0 |       0 |     106 |   0.0 |  4527
               +---------+---------+-------+---------+---------+-------+---------
             D |       0 |   35097 |   0.0 |       0 |     106 |   0.0 |  4527
               +---------+---------+-------+---------+---------+-------+---------
